[Event "Team 45 45 League T97"]
[Site "Internet Chess Club"]
[Date "2023.08.13"]
[Round "1"]
[White "julesraider"]
[Black "jjmolina1"]
[Result "1-0"]
[WhiteElo "1593"]
[BlackElo "1509"]
[Opening "QGD semi-Slav"]
[ECO "D43"]
[Time "12:00:43"]
[PlyCount "79"]
[TimeControl "2700+45"]

1. d4 d5 2. c4 c6 3. Nc3 Nf6 4. Nf3 e6 5. Bg5 h6 6. Bh4 Be7 7. e3 Nbd7 8. Rc1
O-O 9. Qc2 Re8 10. Bd3 a6 11. O-O Nb6 12. c5 Nbd7 13. b4 Nf8 14. Ne5 N6d7 15.
Bxe7 Rxe7 16. f4 f5 17. Qf2 Nxe5 18. fxe5 Bd7 19. Ne2 Be8 20. Qg3 Nh7 21. Nf4
Bf7 22. Be2 Qe8 23. h4 Nf8 24. h5 Nh7 25. Qh4 Ng5 26. g4 fxg4 27. Bxg4 a5 28. b5
cxb5 29. Rc2 Rc8 30. Rfc1 Rc6 31. Be2 Rcc7 32. Kh1 Qc6 33. Rg1 Qe8 34. Bd3 Nf3
35. Rxg7+ Kxg7 36. Qf6+ Kg8 37. Qxh6 Bxh5 38. Rg2+ Rg7 39. Qh7+ Kf8 40. Qh8+
{Black resigns} 1-0

[Event "Team 45 45 League T97"]
[Site "Internet Chess Club"]
[Date "2023.08.11"]
[Round "1"]
[White "tightfist"]
[Black "burlap"]
[Result "0-1"]
[WhiteElo "1389"]
[BlackElo "1329"]
[Opening "English opening"]
[ECO "A05"]
[Time "20:00:26"]
[PlyCount "114"]
[TimeControl "2700+45"]

1. Nf3 Nf6 2. c4 e6 3. Nc3 d5 4. e3 Be7 5. d4 O-O 6. Qb3 b6 7. Bd3 Nc6 8. cxd5
exd5 9. a3 Na5 10. Qa2 Be6 11. O-O h6 12. Ne5 c5 13. Nb5 a6 14. Nc3 c4 15. Bc2
b5 16. Bd2 Bd6 17. f4 Bc7 18. f5 Bd7 19. Nxd7 Qxd7 20. Rae1 Qd6 21. g3 Rfe8 22.
Rf3 Ne4 23. Nxe4 dxe4 24. Rf4 Qd5 25. Rf2 Nb3 26. Bc3 Ba5 27. Bxa5 Nxa5 28. Rf4
Nc6 29. Qb1 Rac8 30. Bxe4 Qd6 31. Bxc6 Rxc6 32. Re4 Rxe4 33. Qxe4 c3 34. bxc3
Rxc3 35. Qe8+ Qf8 36. Qe4 Qxa3 37. Qe8+ Qf8 38. Qxf8+ Kxf8 39. Kg2 b4 40. Kf3 b3
41. Rb1 a5 42. Ke2 a4 43. Kd2 Rc2+ 44. Kd3 Rxh2 45. Kc3 b2 46. Rxb2 Rxb2 47.
Kxb2 g5 48. f6 h5 49. Ka3 h4 50. gxh4 gxh4 51. Kxa4 h3 52. Kb5 h2 53. e4 h1=Q
54. e5 Qd5+ 55. Kb6 Qxd4+ 56. Kc6 Qxe5 57. Kd7 Qxf6 {White resigns} 0-1

[Event "Team 45 45 League T97"]
[Site "Internet Chess Club"]
[Date "2023.08.11"]
[Round "1"]
[White "rjhoro"]
[Black "kabubi"]
[Result "1-0"]
[WhiteElo "1180"]
[BlackElo "1152"]
[Opening "Grünfeld: Three knights variation"]
[ECO "D90"]
[Time "19:00:48"]
[PlyCount "55"]
[TimeControl "2700+45"]

1. d4 Nf6 2. c4 g6 3. Nf3 d5 4. Nc3 Bg7 5. Bd2 O-O 6. Qc2 Bf5 7. Qb3 b6 8. cxd5
Ne4 9. Nxe4 Bxe4 10. e3 Bxd5 11. Qc2 Bxf3 12. gxf3 e5 13. Bg2 c6 14. dxe5 Qc7
15. f4 Na6 16. Bxc6 Rac8 17. Rc1 Nb8 18. Be4 Qxc2 19. Rxc2 Rxc2 20. Bxc2 Nd7 21.
Ke2 Nc5 22. b4 Na6 23. Bd3 Nc7 24. Rc1 Nd5 25. Be4 Ne7 26. Rc7 f5 27. Bf3 Nc8
28. Bb7 {Black resigns} 1-0

[Event "Team 45 45 League T97"]
[Site "Internet Chess Club"]
[Date "2023.08.13"]
[Round "1"]
[White "WzeroMN"]
[Black "oldbookseller"]
[Result "1-0"]
[WhiteElo "942"]
[BlackElo "829"]
[Opening "Philidor's defense"]
[ECO "C41"]
[Time "16:20:03"]
[PlyCount "49"]
[TimeControl "2700+45"]

1. e4 e5 2. Nf3 d6 3. Be2 Nf6 4. O-O Be7 5. d3 b6 6. c4 O-O 7. Nc3 Bb7 8. b4 d5
9. cxd5 Bxb4 10. Bb2 Nbd7 11. a3 Be7 12. d4 Bd6 13. dxe5 Nxe5 14. Nd4 Qd7 15. a4
Nfg4 16. h3 Qe7 17. Bxg4 Qh4 18. Nf3 Qf6 19. Nxe5 Qxe5 20. g3 Ba6 21. Re1 Qf6
22. Rb1 Bc8 23. Bxc8 Raxc8 24. Nb5 Bc5 25. Bxf6 {Black resigns} 1-0

[Event "Team 45 45 League T97"]
[Site "Internet Chess Club"]
[Date "2023.08.11"]
[Round "1"]
[White "ChessG2011"]
[Black "BlueStorm"]
[Result "0-1"]
[WhiteElo "1423"]
[BlackElo "1523"]
[Opening "Caro-Kann: advance variation"]
[ECO "B12"]
[Time "15:01:46"]
[PlyCount "122"]
[TimeControl "2700+45"]

1. e4 c6 2. d4 d5 3. e5 Bf5 4. Bd3 Bxd3 5. Qxd3 e6 6. Nf3 Nd7 7. O-O c5 8. c3
cxd4 9. cxd4 Be7 10. Nbd2 Nh6 11. Nb3 Nf5 12. Bd2 O-O 13. h3 a6 14. Nh2 Rc8 15.
Rfc1 Nb6 16. Rxc8 Qxc8 17. Rc1 Qd7 18. Ng4 Nc4 19. Bc3 b5 20. Nd2 Rc8 21. Nxc4
Rxc4 22. Bd2 Rxd4 23. Qe2 Rc4 24. Rxc4 bxc4 25. Bc3 d4 26. Qd1 d3 27. Nh2 Qb5
28. Nf3 Bb4 29. Qd2 Bxc3 30. Qxc3 a5 31. Nd4 Nxd4 32. Qxd4 Qd5 33. Qxd5 exd5 34.
Kf1 Kf8 35. Ke1 Ke7 36. Kd2 Ke6 37. f4 f6 38. exf6 Kxf6 39. g4 a4 40. a3 d4 41.
h4 g6 42. Ke1 c3 43. bxc3 dxc3 44. Kd1 Ke6 45. h5 gxh5 46. gxh5 Kf5 47. h6 Kxf4
48. Ke1 Ke3 49. Kd1 c2+ 50. Kc1 Ke2 51. Kb2 Kd1 52. Ka2 c1=N+ 53. Kb2 Ne2 54.
Kb1 d2 55. Ka1 Ke1 56. Kb2 d1=Q 57. Ka2 Qb3+ 58. Ka1 Qb8 59. Ka2 Nd4 60. Ka1
Nc2+ 61. Ka2 Qb3# {White checkmated} 0-1

[Event "Team 45 45 League T97"]
[Site "Internet Chess Club"]
[Date "2023.08.11"]
[Round "1"]
[White "BrerRabbit"]
[Black "seattleblues"]
[Result "0-1"]
[WhiteElo "1394"]
[BlackElo "1337"]
[Opening "Queen's pawn game, Darooha variation "]
[ECO "D02"]
[Time "20:01:25"]
[PlyCount "22"]
[TimeControl "2700+45"]

1. d4 d5 2. Nf3 Nf6 3. g3 Bf5 4. Bg2 e6 5. c4 dxc4 6. Nbd2 Bb4 7. O-O c3 8. bxc3
Bxc3 9. Ba3 Bxa1 10. Qa4+ Qd7 11. Ne5 Qxa4 {White resigns} 0-1

[Event "Team 45 45 League T97"]
[Site "Internet Chess Club"]
[Date "2023.08.12"]
[Round "1"]
[White "Tjet"]
[Black "smsxman"]
[Result "0-1"]
[WhiteElo "1284"]
[BlackElo "1470"]
[Opening "Réti opening"]
[ECO "A05"]
[Time "22:00:19"]
[PlyCount "72"]
[TimeControl "2700+45"]

1. Nf3 Nf6 2. d3 e6 3. e4 d6 4. b3 g6 5. Bb2 Bg7 6. g3 O-O 7. Bg2 c5 8. Nbd2 Nc6
9. O-O e5 10. Nc4 Be6 11. Ne3 Rc8 12. h3 Qd7 13. Kh2 Nd4 14. Ng5 Bh6 15. Nxe6
Nxe6 16. Ng4 Bg7 17. Nxf6+ Bxf6 18. h4 Bg7 19. Bh3 Qe8 20. f4 exf4 21. Bxg7
fxg3+ 22. Kg2 Kxg7 23. Rf3 Rc7 24. Bxe6 Qxe6 25. Rxg3 f5 26. exf5 Qxf5 27. Qe2
Qd5+ 28. Kh2 Rcf7 29. Rg2 Rf4 30. Qe7+ R8f7 31. Qg5 R7f5 32. Qe7+ Rf7 33. Qg5
R4f5 34. Qd2 Qe5+ 35. Kg1 Qxa1+ 36. Kh2 Qe5+ {White resigns} 0-1

[Event "Team 45 45 League T97"]
[Site "Internet Chess Club"]
[Date "2023.08.10"]
[Round "1"]
[White "stantheman59"]
[Black "ticktockman"]
[Result "1-0"]
[WhiteElo "1120"]
[BlackElo "1065"]
[Opening "Queen's pawn"]
[ECO "A40"]
[Time "19:01:26"]
[PlyCount "59"]
[TimeControl "2700+45"]

1. d4 e6 2. Nf3 b6 3. g3 Bb7 4. Bg2 Bb4+ 5. c3 Be7 6. O-O Nf6 7. Bf4 d5 8. Nbd2
O-O 9. Ne5 Nbd7 10. Nd3 c5 11. b3 cxd4 12. cxd4 Ba6 13. Ne5 Bb7 14. Qb1 a5 15.
Re1 b5 16. e4 b4 17. exd5 Bxd5 18. Bxd5 Nxd5 19. Nc6 Qe8 20. Nxe7+ Qxe7 21. Be3
Nxe3 22. Rxe3 Nf6 23. Qe1 Nd5 24. Re5 Rfd8 25. Nc4 a4 26. Nd2 axb3 27. Nxb3 Nc3
28. Nc1 Rxd4 29. Nb3 Rxa2 30. Nxd4 {Black resigns} 1-0

[Event "Team 45 45 League T97"]
[Site "Internet Chess Club"]
[Date "2023.08.12"]
[Round "1"]
[White "Kingofknights"]
[Black "manfredo"]
[Result "1-0"]
[WhiteElo "1527"]
[BlackElo "1524"]
[Opening "King's Indian defense"]
[ECO "E60"]
[Time "18:00:51"]
[PlyCount "49"]
[TimeControl "2700+45"]

1. d4 Nf6 2. c4 g6 3. f3 e5 4. dxe5 Nh5 5. h4 Be7 6. Bg5 Bxg5 7. hxg5 Qxg5 8. e4
Qxe5 9. Nc3 Ng3 10. Rh6 Qg7 11. Qd2 Nxf1 12. Kxf1 c6 13. g4 Qf6 14. g5 Qe6 15.
b3 b5 16. cxb5 cxb5 17. Nd5 Na6 18. Nf6+ Ke7 19. Qd4 Bb7 20. Nd5+ Bxd5 21. exd5
Qb6 22. Re1+ Kd6 23. Qe5+ Kc5 24. a3 b4 25. Rc1+ {Black resigns} 1-0

[Event "Team 45 45 League T97"]
[Site "Internet Chess Club"]
[Date "2023.08.12"]
[Round "1"]
[White "Pawnchain"]
[Black "Constrictor"]
[Result "1/2-1/2"]
[WhiteElo "1440"]
[BlackElo "1378"]
[Opening "Caro-Kann: exchange, Rubinstein variation"]
[ECO "B13"]
[Time "11:04:12"]
[PlyCount "37"]
[TimeControl "2700+45"]

1. e4 c6 2. d4 d5 3. exd5 cxd5 4. Bd3 Nc6 5. c3 Nf6 6. Bf4 Bg4 7. Qb3 Na5 8. Qc2
e6 9. Nd2 Bd6 10. Bg5 Bh5 11. Ngf3 Bg6 12. Qa4+ Nc6 13. Bb5 Qb6 14. Be3 O-O 15.
O-O a6 16. Bxc6 Qxc6 17. Qxc6 bxc6 18. b4 Ne4 19. Rfc1 {Game drawn by mutual
agreement} 1/2-1/2

[Event "Team 45 45 League T97"]
[Site "Internet Chess Club"]
[Date "2023.08.13"]
[Round "1"]
[White "olivermx"]
[Black "PsyMar"]
[Result "0-1"]
[WhiteElo "1254"]
[BlackElo "1295"]
[Opening "Queen's bishop game"]
[ECO "D00"]
[Time "13:21:27"]
[PlyCount "46"]
[TimeControl "2700+45"]

1. d4 d5 2. Bf4 Nf6 3. Nf3 c5 4. c3 Nc6 5. e3 Bf5 6. Be2 Qb6 7. Qb3 c4 8. Qa3 e5
9. b4 exf4 10. exf4 Bd6 11. Ne5 O-O 12. g4 Bxe5 13. fxe5 Nxg4 14. Qc1 f6 15.
exf6 Nxf6 16. Qg5 Bxb1 17. Rxb1 Rae8 18. Rg1 Qc7 19. Qg3 Qxg3 20. hxg3 Ne4 21.
Rc1 Nxf2 22. Kd2 Nd3 23. Bxd3 Rf2+ {White resigns} 0-1

[Event "Team 45 45 League T97"]
[Site "Internet Chess Club"]
[Date "2023.08.13"]
[Round "1"]
[White "Dwilkes"]
[Black "Balderdash"]
[Result "1-0"]
[WhiteElo "1078"]
[BlackElo "1172"]
[Opening "QGD: Marshall defense"]
[ECO "D06"]
[Time "18:00:53"]
[PlyCount "115"]
[TimeControl "2700+45"]

1. d4 d5 2. c4 Nf6 3. Nf3 Nc6 4. g3 Bf5 5. Bg2 Be4 6. Nc3 dxc4 7. O-O e5 8. dxe5
Qxd1 9. Rxd1 Bxf3 10. Bxf3 Nxe5 11. Bxb7 Rb8 12. Bd5 Bc5 13. Bg5 Nfg4 14. Ne4
O-O 15. Nxc5 h6 16. Bf4 Rbd8 17. Bxe5 Nxe5 18. Bg2 Rb8 19. Nd7 Nxd7 20. Rxd7
Rxb2 21. Rxc7 Rxe2 22. Rxc4 Rfe8 23. Rc7 a5 24. Bd5 Re1+ 25. Rxe1 Rxe1+ 26. Kg2
Kh7 27. Rxf7 Re5 28. Bf3 Kg6 29. Rb7 h5 30. h4 Kh6 31. Rb6+ g6 32. a4 Rc5 33.
Rb5 Rc4 34. Rxa5 Rd4 35. Ra8 Kg7 36. a5 Ra4 37. a6 Kh6 38. a7 Kg7 39. Bc6 Ra3
40. Bd5 Kf6 41. Rf8+ Ke5 42. a8=Q Rxa8 43. Bxa8 Ke6 44. Bc6 Ke7 45. Rf3 Ke6 46.
Ba4 Ke5 47. Bc2 Kd4 48. Bxg6 Ke5 49. Bxh5 Ke6 50. g4 Ke5 51. g5 Ke6 52. g6 Ke5
53. g7 Kd4 54. g8=Q Kc5 55. Qd8 Kb4 56. Rf7 Kc3 57. Rc7+ Kb4 58. Qb8+ {Black
resigns} 1-0

[Event "Team 45 45 League T97"]
[Site "Internet Chess Club"]
[Date "2023.08.14"]
[Round "1"]
[White "chesskix"]
[Black "clarinetref"]
[Result "1-0"]
[WhiteElo "1447"]
[BlackElo "1554"]
[Opening "English: ultra-symmetrical variation"]
[ECO "A36"]
[Time "20:02:22"]
[PlyCount "75"]
[TimeControl "2700+45"]

1. c4 c5 2. g3 g6 3. Bg2 Bg7 4. Nc3 Nc6 5. d3 e6 6. e4 Nge7 7. Nge2 a6 8. a4 O-O
9. O-O b6 10. f4 Bb7 11. h4 h5 12. Kh2 Nb4 13. Ng1 f5 14. Nh3 Nec6 15. Ng5 Qe7
16. Re1 Qd6 17. Bf1 Nd4 18. Bg2 e5 19. Rb1 Ndc2 20. Re2 Nd4 21. Rd2 Rab8 22. Rf2
exf4 23. Bxf4 Be5 24. Nd5 Ne6 25. Bxe5 Qxe5 26. Nxb6 Qd4 27. Rd2 Bc6 28. Nd5
Nxg5 29. hxg5 fxe4 30. dxe4 Qxc4 31. b3 Nxd5 32. bxc4 Nc3 33. Rxb8 Rxb8 34. Qe1
Re8 35. Qa1 Nxa4 36. Qf6 Re6 37. Qd8+ Kg7 38. Rf2 {Black resigns} 1-0

[Event "Team 45 45 League T97"]
[Site "Internet Chess Club"]
[Date "2023.08.12"]
[Round "1"]
[White "SeniorCitizen"]
[Black "Denis240964"]
[Result "0-1"]
[WhiteElo "1170"]
[BlackElo "1358"]
[Opening "Danish gambit"]
[ECO "C21"]
[Time "15:00:25"]
[PlyCount "68"]
[TimeControl "2700+45"]

1. e4 e5 2. d4 exd4 3. c3 dxc3 4. Bc4 d6 5. Nxc3 Nc6 6. h3 Nf6 7. Nf3 Be7 8. O-O
O-O 9. Re1 Ne5 10. Bb3 Nxf3+ 11. Qxf3 c6 12. Bg5 h6 13. Bh4 Be6 14. Bxe6 fxe6
15. Qe2 e5 16. Rad1 Ne8 17. Bg3 Qc7 18. Rc1 Bg5 19. Rc2 Qe7 20. Qg4 Nf6 21. Qd1
Rad8 22. Ree2 Ne8 23. Qf1 Bf4 24. Bxf4 Rxf4 25. f3 Qg5 26. Rf2 Rd7 27. Ne2 Rf8
28. Kh2 Rdf7 29. g3 Qe3 30. Ng1 Nf6 31. Qe2 Qb6 32. Qd3 Ne8 33. Qc4 Kh8 34. Rc1
Qxf2+ {White resigns} 0-1

[Event "Team 45 45 League T97"]
[Site "Internet Chess Club"]
[Date "2023.08.15"]
[Round "1"]
[White "Visin"]
[Black "thundercat1"]
[Result "1-0"]
[WhiteElo "1248"]
[BlackElo "999"]
[Opening "Ruy Lopez: Caro variation"]
[ECO "C70"]
[Time "09:00:18"]
[PlyCount "113"]
[TimeControl "2700+45"]

1. e4 e5 2. Nf3 Nc6 3. Bb5 a6 4. Ba4 b5 5. Bb3 Bb7 6. d3 Nge7 7. Ng5 d5 8. Qf3
f6 9. Ne6 Qd6 10. Nxf8 Kxf8 11. Nd2 Nb4 12. a3 Nbc6 13. c3 d4 14. c4 bxc4 15.
Nxc4 Qc5 16. Bd2 Ng6 17. O-O Nh4 18. Qg4 Ng6 19. Rac1 Qb5 20. Ba2 Na5 21. Bxa5
Bc8 22. Qd1 Ra7 23. Bd2 Be6 24. b4 Qd7 25. f4 Bg4 26. Qe1 Nxf4 27. Bxf4 exf4 28.
Rxf4 h5 29. Qg3 Rh6 30. h3 h4 31. Qh2 Be6 32. Rcf1 g5 33. Rxf6+ Rxf6 34. Rxf6+
Bf7 35. Ne5 Qe8 36. Rxf7+ Qxf7 37. Nxf7 c6 38. Nxg5 Kg7 39. Nf3 a5 40. Qe5+ Kf8
41. Qxd4 Re7 42. Qd8+ Re8 43. Qxa5 c5 44. Qxc5+ Re7 45. Qf5+ Ke8 46. Qe5 Rxe5
47. Nxe5 Ke7 48. Nf3 Kd7 49. Nxh4 Kd6 50. g4 Ke7 51. b5 Kd8 52. g5 Ke8 53. b6
Kd8 54. g6 Ke8 55. b7 Kd8 56. b8=Q+ Ke7 57. Qe5+ {Black resigns} 1-0